[Event "WYCC 2018 O16"]
[Site "Halkidiki"]
[Date "2018.10.20"]
[Round "1"]
[White "Kim, Yunseo"]
[Black "Stoleriu, George"]
[Result "0-1"]
[ECO "E20"]
[WhiteElo "1995"]
[BlackElo "2362"]
[Annotator "NA"]
[PlyCount "44"]
[EventDate "2018.10.20"]
[EventType "swiss"]
[EventCountry "GRE"]
[SourceTitle "playchess.com"]
[Source "ChessBase"]
[SourceQuality "1"]
[TimeControl "40/5400+30:1800+30"]

1. d4 Nf6 2. c4 e6 3. Nc3 Bb4 4. g3 O-O 5. Bg2 d6 6. e3 Bxc3+ 7. bxc3 e5 8. Ne2 e4 9. O-O Nc6 10. Nf4 Na5 11. Nd5 Nxd5 12. cxd5 f5 13. Qa4 b6 $17 14. c4 Qe8 15. Qc2 Ba6 16. Rd1 Bxc4 17. Bd2 Be2 18. Re1 Bd3 19. Qxc7 Nc4 20. Bc1 Rc8 21. Qb7 Rf7 22. Qa6 Na5 0-1

[Event "WYCC 2018 O16"]
[Site "Halkidiki"]
[Date "2018.10.20"]
[Round "1"]
[White "Duda, Daniel"]
[Black "Baenziger, Fabian"]
[Result "1/2-1/2"]
[ECO "E91"]
[WhiteElo "1985"]
[BlackElo "2355"]
[Annotator "NA"]
[PlyCount "70"]
[EventDate "2018.10.20"]
[EventType "swiss"]
[EventCountry "GRE"]
[SourceTitle "playchess.com"]
[Source "ChessBase"]
[SourceQuality "1"]
[TimeControl "40/5400+30:1800+30"]

1. d4 Nf6 2. c4 g6 3. Nc3 Bg7 4. e4 d6 5. Nf3 O-O 6. Be2 Nbd7 7. O-O e5 8. Qc2 Re8 9. Rd1 exd4 10. Nxd4 c6 11. f3 Qe7 12. Bg5 Nc5 13. Kh1 Qf8 14. Qd2 Nfd7 15. Rac1 $14 Ne5 16. h3 a5 17. b3 Ned3 18. Bxd3 Bxd4 19. Ne2 Be5 20. Bf4 Ne6 21. Bh6 Qe7 22. f4 Bf6 23. Rf1 Nc5 24. Ng3 Bh4 25. Bg5 Bxg5 26. fxg5 Nxd3 27. Qxd3 Qxg5 28. Qxd6 Rd8 29. Qf4 Qxf4 30. Rxf4 Rd2 31. Rcf1 Be6 32. R1f2 Rad8 33. e5 Rd1+ 34. Kh2 Re1 35. Ne4 Rdd1 1/2-1/2

[Event "WYCC 2018 O16"]
[Site "Halkidiki"]
[Date "2018.10.20"]
[Round "1"]
[White "Arya Nirag Shah"]
[Black "Mitsis, Georgios"]
[Result "1/2-1/2"]
[ECO "A45"]
[WhiteElo "1952"]
[BlackElo "2350"]
[Annotator "NA"]
[PlyCount "99"]
[EventDate "2018.10.20"]
[EventType "swiss"]
[EventCountry "GRE"]
[SourceTitle "playchess.com"]
[Source "ChessBase"]
[SourceQuality "1"]
[TimeControl "40/5400+30:1800+30"]

1. d4 Nf6 2. Bg5 c5 3. Bxf6 gxf6 4. d5 Qb6 5. Qc1 Bh6 6. e3 f5 7. c4 {[%emt 0:00:37] A45: Trompowsky Attack} d6 8. Nc3 Nd7 9. Qc2 Ne5 10. Nf3 $146 ({Predecessor:} 10. f4 Ng4 11. Qd2 Bg7 12. Rc1 Bd7 13. Bd3 a6 14. Nge2 Qb4 {1-0 (49) Vitiugov,N (2681)-Bu,X (2702) Sochi 2009}) 10... Nxf3+ 11. gxf3 f4 12. Qd2 fxe3 13. fxe3 Bg7 14. Rg1 Bf6 15. O-O-O Bf5 16. Bd3 Bg6 17. f4 Qa5 18. Kb1 Bxc3 19. Qxc3 Qxc3 20. bxc3 Kd7 21. Kc2 b5 22. cxb5 c4 23. Bxg6 hxg6 24. Rg2 Rh3 25. Rd4 Rc8 $11 26. Re4 Rc5 27. a4 Rxd5 28. Rxc4 Rxe3 29. Kb3 Rf3 30. h4 Rdd3 31. Rc2 d5 32. Rc6 d4 33. Kb4 Rxc3 34. R2xc3 dxc3 35. Rc4 c2 36. Ka5 Rxf4 37. Rxc2 Rxh4 38. Ra2 Kc7 39. Ka6 Kb8 40. a5 Rd4 41. Rh2 Rd8 42. Rf2 f6 43. Rg2 Rg8 44. Rd2 e5 45. Rd7 Re8 46. Rb7+ Ka8 47. Rxa7+ Kb8 48. Rb7+ Ka8 49. Ra7+ Kb8 50. Rb7+ 1/2-1/2

[Event "WYCC 2018 O16"]
[Site "Halkidiki"]
[Date "2018.10.20"]
[Round "1"]
[White "Zenelaj, Samuel"]
[Black "Petriashvili, Nikoloz"]
[Result "0-1"]
[ECO "A36"]
[WhiteElo "1952"]
[BlackElo "2343"]
[Annotator "NA"]
[PlyCount "84"]
[EventDate "2018.10.20"]
[EventType "swiss"]
[EventCountry "GRE"]
[SourceTitle "playchess.com"]
[Source "ChessBase"]
[SourceQuality "1"]
[TimeControl "40/5400+30:1800+30"]

1. c4 g6 2. Nc3 Bg7 3. g3 c5 4. Bg2 Nc6 5. e3 e5 6. Nge2 Nge7 7. d3 O-O 8. O-O d6 9. a3 Bf5 {[%emt 0:09:49] A36: Symmetrical English vs ...g6: 4 Bg2 Bg7} 10. Nd5 $146 ({Predecessor:} 10. Rb1 Qd7 11. b4 Rac8 12. Nd5 cxb4 13. Nxe7+ Nxe7 14. Rxb4 b6 15. Nc3 Bh3 16. Bxh3 Qxh3 17. Bd2 f5 18. c5 f4 19. exf4 bxc5 {1-0 (35) Istratescu,A (2556)-Miljanic,B (2429) Bucharest 2000}) 10... Rb8 11. Rb1 b5 12. cxb5 Rxb5 13. Nec3 Rb8 14. b4 Nxd5 15. Nxd5 Ne7 16. Nxe7+ Qxe7 17. e4 Bd7 18. Be3 cxb4 19. Rxb4 Rxb4 20. axb4 Bb5 21. Qb3 Rc8 22. Ra1 a6 23. Rc1 Rxc1+ 24. Bxc1 Qc7 25. Bd2 Bf6 26. Bf1 $11 Bd8 27. Qc3 Qxc3 28. Bxc3 Bb6 29. Be2 f5 30. Kf1 Kf7 31. f3 Ke6 32. d4 fxe4 33. dxe5 exf3 34. Bxb5 axb5 35. exd6 Kxd6 36. g4 Kd5 37. h4 Kc4 38. Bd2 h5 39. gxh5 gxh5 40. Ke1 Ba7 41. Kf1 Bd4 42. Be1 Be3 0-1

[Event "WYCC 2018 O16"]
[Site "Halkidiki"]
[Date "2018.10.20"]
[Round "1"]
[White "Alcon Llosada, Alex"]
[Black "Olsen, Filip Boe"]
[Result "0-1"]
[ECO "D02"]
[WhiteElo "1928"]
[BlackElo "2335"]
[Annotator "NA"]
[PlyCount "66"]
[EventDate "2018.10.20"]
[EventType "swiss"]
[EventCountry "GRE"]
[SourceTitle "playchess.com"]
[Source "ChessBase"]
[SourceQuality "1"]
[TimeControl "40/5400+30:1800+30"]

1. d4 d5 2. Nf3 Nf6 3. g3 Bf5 4. Bg2 e6 5. O-O Be7 6. c4 c6 7. Nc3 h6 8. b3 O-O 9. e3 Nbd7 10. Bb2 Ne4 11. Qe2 a5 $11 12. a3 Ndf6 13. Na4 b5 14. Nc3 Nxc3 15. Bxc3 a4 16. Ne5 Qc7 17. cxb5 cxb5 18. Rfc1 axb3 19. Bb2 Qb7 20. Nd3 b4 21. a4 Ne4 22. Bxe4 Bxe4 23. Qd1 Qa6 24. Nc5 Bxc5 25. Rxc5 Rfc8 26. Qxb3 Rxc5 27. dxc5 Qc4 28. Qd1 Qxc5 29. Rc1 Qb6 30. Qd4 Qxd4 31. Bxd4 Rxa4 32. Rc8+ Kh7 33. Rb8 Bc2 0-1

[Event "WYCC 2018 O16"]
[Site "Halkidiki"]
[Date "2018.10.20"]
[Round "1"]
[White "Araoz Andrade, Ivan Alexander"]
[Black "Szpar, Milosz"]
[Result "0-1"]
[ECO "B30"]
[WhiteElo "1919"]
[BlackElo "2328"]
[Annotator "NA"]
[PlyCount "120"]
[EventDate "2018.10.20"]
[EventType "swiss"]
[EventCountry "GRE"]
[SourceTitle "playchess.com"]
[Source "ChessBase"]
[SourceQuality "1"]
[TimeControl "40/5400+30:1800+30"]

1. e4 c5 2. Nf3 Nc6 3. Bb5 d6 4. d4 cxd4 5. Nxd4 Bd7 6. O-O Nf6 7. Re1 {[%emt 0:05:09] B51: Sicilian: Moscow Variation (3 Bb5+) without 3...Bd7} e6 (7... g6 8. Bxc6 bxc6 9. Nf3 e5 10. c4 Qe7 11. b3 Bg4 12. Nc3 Nd7 13. h3 Bxf3 14. Qxf3 {½-½ (41) Paichadze,L (2491)-Mamedyarov,S (2752) Plovdiv 2012}) 8. c4 a6 9. Bxc6 bxc6 $146 ({Predecessor:} 9... Bxc6 10. Nxc6 bxc6 11. Nc3 Be7 12. Bg5 O-O 13. Qd2 Qc7 14. Rac1 Rad8 {0-1 (32) Andersen,C (1766)-Jacobsen,F (2028) Helsingor 2016}) 10. Nc3 Be7 11. e5 dxe5 12. Nf3 e4 13. Ne5 Qc7 14. Nxd7 Qxd7 15. Qxd7+ Nxd7 16. Nxe4 Ne5 17. b3 Nd3 18. Rd1 O-O-O 19. Kf1 f5 20. Ng3 Rd7 21. Ke2 Rhd8 22. Rb1 g6 23. f3 e5 24. Nh1 Kb7 25. h3 a5 26. g3 g5 27. Be3 f4 28. Bd2 Bb4 29. Bxb4 axb4 30. g4 Kb6 31. Ra1 Rd4 32. Kf1 Kc5 33. Rd2 e4 34. fxe4 Rxe4 35. Nf2 Red4 36. Re2 Nxf2 37. Kxf2 Rd2 38. Rae1 R8d3 39. Kg1 Rxe2 40. Rxe2 Re3 41. Rh2 h6 42. Kf1 Rc3 43. Ke1 Kd4 44. h4 Rc1+ 45. Kd2 Ra1 46. Rh3 Rxa2+ 47. Kd1 Rg2 48. hxg5 hxg5 49. Rh6 Kc5 50. Rf6 Rxg4 51. Kd2 Rg3 52. Kc2 Rc3+ 53. Kb2 Kd4 54. Rg6 $19 f3 55. Rxg5 f2 56. Rf5 Ke3 57. c5 Ke2 58. Re5+ Re3 59. Rh5 f1=Q 60. Rh2+ Kd3 0-1

[Event "WYCC 2018 O16"]
[Site "Halkidiki"]
[Date "2018.10.21"]
[Round "2"]
[White "Baenziger, Fabian"]
[Black "Arya Nirag Shah"]
[Result "1-0"]
[ECO "A05"]
[WhiteElo "2355"]
[BlackElo "1952"]
[Annotator "RC"]
[PlyCount "115"]
[EventDate "2018.10.20"]
[EventType "swiss"]
[EventCountry "GRE"]
[SourceTitle "playchess.com"]
[Source "ChessBase"]
[SourceQuality "1"]
[TimeControl "40/5400+30:1800+30"]

1. Nf3 Nf6 2. g3 d5 3. Bg2 Bg4 4. O-O e6 5. c4 c6 6. cxd5 cxd5 7. Qb3 Bxf3 8. Bxf3 Qd7 9. d3 Nc6 10. Bg2 Rc8 11. Nc3 Be7 12. Bd2 O-O 13. Rfc1 Rfd8 14. Qd1 Nd4 15. e3 Nc6 16. Ne2 Ne8 17. a3 Bf6 18. Rab1 Nd6 19. b4 Ne5 20. Qb3 Qb5 21. Nf4 g6 22. a4 Qe8 23. Ne2 Nd7 24. g4 Bg7 25. f4 Qe7 26. h3 Nf8 27. Qa3 Qd7 28. Qb3 Rxc1+ 29. Bxc1 Rc8 30. Bb2 Bxb2 31. Rxb2 Rc7 32. Rc2 Qc8 33. Rd2 f5 34. Qb2 Nd7 35. Nd4 Kf7 36. Nf3 h6 37. Ne5+ Nxe5 38. fxe5 Ne8 39. gxf5 Rc1+ 40. Kh2 gxf5 41. e4 fxe4 42. dxe4 d4 43. Qxd4 Ke7 44. Qf2 Qc7 45. Qh4+ Kf7 46. Qf4+ Ke7 47. Qh4+ Kf7 48. Rf2+ Kg7 49. Qg4+ Kh7 50. Qxe6 Qb6 51. Rf7+ Ng7 52. Qf5+ Qg6 53. Rxb7 Rc4 54. e6 Rc2 55. Qxg6+ Kxg6 56. e7 Kf7 57. e8=Q+ Kxe8 58. Rxg7 1-0

[Event "WYCC 2018 O16"]
[Site "Halkidiki"]
[Date "2018.10.21"]
[Round "3"]
[White "Vlachos, Anatole"]
[Black "Olsen, Filip Boe"]
[Result "0-1"]
[ECO "D00"]
[WhiteElo "2435"]
[BlackElo "2335"]
[Annotator "NA"]
[PlyCount "82"]
[EventDate "2018.10.20"]
[EventType "swiss"]
[EventCountry "GRE"]
[SourceTitle "playchess.com"]
[Source "ChessBase"]
[SourceQuality "1"]
[TimeControl "40/5400+30:1800+30"]

1. d4 d5 2. Bf4 c5 3. e3 Nc6 4. c3 Nf6 5. Nd2 {[%emt 0:00:07] D00: 1 d4 d5: Unusual lines} cxd4 (5... Bf5 6. Ngf3 e6 7. Nh4 Be4 8. Nhf3 Bf5 9. Nh4 Be4 10. Qb3 Qc8 11. Nhf3 Bf5 12. Be2 Be7 13. O-O O-O 14. h3 h6 15. Rfe1 c4 16. Qd1 b5 {1-0 (66) Grachev,B (2626)-Najer,E (2663) Moscow 2018}) 6. exd4 Bf5 7. Qb3 Qc8 8. Ngf3 e6 9. Nh4 Be4 10. f3 Bg6 11. g4 $146 ({Predecessor:} 11. Nxg6 hxg6 12. g4 a6 {1-0 (34) Kaboodi,B (2062)-Daneshvar,B (2140) Teheran 2017}) 11... Be7 12. Nxg6 hxg6 13. Bd3 a6 14. Kf1 Qd7 15. Kg2 b5 16. a4 b4 17. cxb4 Nxb4 18. Rac1 (18. Rhc1 $11) 18... Bd6 19. Bxd6 Qxd6 20. Rc5 {[%emt 0:02:01] [#]} Rb8 $1 21. Bb5+ axb5 $17 22. Qxb4 Nd7 23. axb5 Nxc5 24. dxc5 Qe5 25. b6 Qe2+ 26. Kg3 g5 27. Qd4 e5 28. Qxd5 Rd8 29. Qc6+ Ke7 30. Nb1 Rd3 31. Qc7+ Rd7 32. Qc6 Rh6 33. Qa8 f5 34. gxf5 g4 35. h4 gxf3 36. Rh2 Qe1+ 37. Rf2 e4 38. Qg8 Qg1+ 39. Kh3 Rd8 40. f6+ Rxf6 41. Qh7 Rg6 0-1

[Event "WYCC 2018 O16"]
[Site "Halkidiki"]
[Date "2018.10.21"]
[Round "3"]
[White "Teclaf, Pawel"]
[Black "Travadon, Loic"]
[Result "1-0"]
[ECO "B57"]
[WhiteElo "2384"]
[BlackElo "2293"]
[Annotator "NA"]
[PlyCount "71"]
[EventDate "2018.10.20"]
[EventType "swiss"]
[EventCountry "GRE"]
[SourceTitle "playchess.com"]
[Source "ChessBase"]
[SourceQuality "1"]
[TimeControl "40/5400+30:1800+30"]

1. e4 c5 2. Nf3 Nc6 3. d4 cxd4 4. Nxd4 Nf6 5. Nc3 d6 6. Bc4 Bd7 7. Bb3 g6 8. Be3 Bg7 9. f3 O-O 10. Qd2 Rc8 11. g4 Ne5 12. O-O-O b5 13. g5 b4 14. Nce2 Ne8 15. f4 Ng4 16. Bg1 e5 17. h3 exd4 18. Bxd4 {[%emt 0:02:52] [#]} (18. hxg4 $16 Bxg4 19. Rf1 (19. Nxd4 Bxd4 20. Bxd4 Bxd1 $16) (19. Bxd4 Bxd4 20. Nxd4 Bxd1 $11)) 18... Ngf6 $11 19. gxf6 Nxf6 20. e5 dxe5 21. fxe5 Ne4 22. Qf4 Ng5 23. Be3 Ne6 24. Qxb4 Qc7 25. Nc3 Bc6 26. Rhe1 Bxe5 27. Nd5 Bxd5 28. Rxd5 Bg3 29. Red1 Bf4 30. Bxf4 Nxf4 31. Rd7 Qe5 32. Qb7 Qe3+ 33. Kb1 Ne6 34. Rxf7 Qxh3 35. Bxe6 Rcd8 36. Rxf8+ 1-0

[Event "WYCC 2018 O16"]
[Site "Halkidiki"]
[Date "2018.10.21"]
[Round "3"]
[White "Gatineau, Yovann"]
[Black "Sargsyan, Tigran R."]
[Result "0-1"]
[ECO "D16"]
[WhiteElo "2376"]
[BlackElo "2218"]
[Annotator "NA"]
[PlyCount "60"]
[EventDate "2018.10.20"]
[EventType "swiss"]
[EventCountry "GRE"]
[SourceTitle "playchess.com"]
[Source "ChessBase"]
[SourceQuality "1"]
[TimeControl "40/5400+30:1800+30"]

1. d4 d5 2. c4 c6 3. Nc3 Nf6 4. Nf3 dxc4 5. a4 e6 6. e3 c5 7. Bxc4 Nc6 8. O-O cxd4 9. exd4 Be7 10. Qe2 O-O 11. Rd1 Nb4 12. a5 Bd7 13. Ne5 a6 14. Bg5 {[%emt 0:15:41] LiveBook: 5 Games} Bc6 15. Nxc6 bxc6 16. Ra4 Qb8 17. Ne4 $16 Nbd5 18. Nxf6+ Bxf6 19. Bxf6 Nxf6 20. Bxa6 Qb3 21. Rda1 Rfb8 22. R1a2 Rb4 23. Bc4 Qxa4 24. Rxa4 Rxa4 25. g3 R4xa5 26. Qc2 Rb8 27. Kg2 Ra7 28. Be2 g6 29. Bf3 Ra2 30. Qxc6 Rbxb2 0-1

[Event "WYCC 2018 O16"]
[Site "Halkidiki"]
[Date "2018.10.21"]
[Round "3"]
[White "Schitco, Ivan"]
[Black "Talukdar, Rohan"]
[Result "1-0"]
[ECO "D85"]
[WhiteElo "2376"]
[BlackElo "2279"]
[Annotator "ChessBase"]
[PlyCount "109"]
[EventDate "2018.10.20"]
[EventType "swiss"]
[EventCountry "GRE"]
[SourceTitle "playchess.com"]
[Source "ChessBase"]
[SourceQuality "1"]
[TimeControl "40/5400+30:1800+30"]

1. d4 Nf6 2. c4 g6 3. Nc3 d5 4. cxd5 Nxd5 5. e4 Nxc3 6. bxc3 Bg7 7. Nf3 c5 8. Be3 Qa5 9. Qd2 O-O 10. Rc1 Nd7 11. Bd3 e5 12. d5 f5 13. Bh6 f4 14. Bxg7 Kxg7 15. Rb1 Qc7 16. c4 Nf6 17. Qc3 Re8 18. Kd2 Bg4 19. Ne1 Bd7 20. f3 a6 21. a3 Rab8 22. Be2 b5 23. Nd3 Rbc8 24. Rhc1 Qd6 25. Ne1 Re7 26. cxb5 c4 27. bxa6 Nxd5 28. exd5 Qxd5+ 29. Kc2 Bf5+ 30. Kb2 Bxb1 31. Rxb1 Qd4 32. Rc1 Qf2 33. Rc2 Qg1 34. Ka2 Kh6 35. Bxc4 Rec7 36. Qb4 Qxh2 37. Nd3 Qh5 38. Nb2 Qf5 39. Re2 Qf6 40. Rd2 Qf5 41. Bd5 Rd7 42. Bb7 Rc1 43. a7 Qf7+ 44. Bd5 Rxd5 45. Qb3 Qxa7 46. Qxd5 Qe3 47. a4 Kg5 48. Rd3 Qe2 49. Qe4 Qxe4 50. fxe4 Rc2 51. a5 Rxg2 52. Kb3 Kg4 53. a6 f3 54. Nd1 f2 55. a7 1-0

[Event "WYCC 2018 O16"]
[Site "Halkidiki"]
[Date "2018.10.21"]
[Round "3"]
[White "Shubin, Kirill"]
[Black "Loiacono, Leonardo"]
[Result "1/2-1/2"]
[ECO "C54"]
[WhiteElo "2369"]
[BlackElo "2277"]
[Annotator "NA"]
[PlyCount "70"]
[EventDate "2018.10.20"]
[EventType "swiss"]
[EventCountry "GRE"]
[SourceTitle "playchess.com"]
[Source "ChessBase"]
[SourceQuality "1"]
[TimeControl "40/5400+30:1800+30"]

1. e4 e5 2. Nf3 Nc6 3. Bc4 Bc5 4. c3 Nf6 5. d4 exd4 6. e5 d5 7. Bb5 Ne4 8. cxd4 Bb6 9. Nc3 O-O 10. Be3 {[%emt 0:00:25] C54: Giuoco Piano: 4 c3 Nf6, main lines with 5 d4 and 5 d3} Nxc3 11. bxc3 Ne7 12. Bd3 Bf5 13. a4 $146 ({Predecessor:} 13. Bxf5 Nxf5 14. Qd3 Qd7 15. Ng5 g6 16. Bf4 c6 17. Qh3 h5 {½-½ (60) Bartel,M (2609)-Malakhov,V (2722) Warsaw 2010}) 13... Ba5 14. Qc2 Qd7 15. O-O c6 16. Nh4 Bxd3 17. Qxd3 Qg4 18. g3 Qe4 19. Qd2 Nf5 20. Ng2 Nxe3 21. fxe3 $11 Qg6 22. Nf4 Qh6 23. Rab1 Rab8 24. Qd3 g5 25. Ne2 Qg6 26. Rf5 f6 27. g4 fxe5 28. dxe5 Bc7 29. Rbf1 Bxe5 30. e4 Bf4 31. Nxf4 gxf4 32. R1xf4 dxe4 33. Qc4+ Kg7 34. Qxe4 Rxf5 35. Rxf5 Re8 1/2-1/2

[Event "WYCC 2018 O16"]
[Site "Halkidiki"]
[Date "2018.10.21"]
[Round "3"]
[White "Kalavannan, Koby"]
[Black "Ongut, Tamas Gunes"]
[Result "1/2-1/2"]
[ECO "D11"]
[WhiteElo "2365"]
[BlackElo "2185"]
[Annotator "NA"]
[PlyCount "41"]
[EventDate "2018.10.20"]
[EventType "swiss"]
[EventCountry "GRE"]
[SourceTitle "playchess.com"]
[Source "ChessBase"]
[SourceQuality "1"]
[TimeControl "40/5400+30:1800+30"]

1. d4 d5 2. c4 c6 3. Nf3 Nf6 4. Qb3 dxc4 5. Qxc4 Bg4 6. Qb3 Qb6 7. Nbd2 Nbd7 8. g3 Qxb3 9. axb3 e6 10. Bg2 Nd5 11. O-O Be7 12. Nc4 Bxf3 13. Bxf3 a6 14. e4 Nc7 15. Bf4 O-O-O 16. Rfd1 g5 $14 17. Bd6 Bxd6 18. Nxd6+ Kb8 19. Rac1 Rdf8 20. Rc3 Nb6 21. Nc4 1/2-1/2

[Event "WYCC 2018 O16"]
[Site "Halkidiki"]
[Date "2018.10.21"]
[Round "3"]
[White "Wachinger, Nikolas"]
[Black "Thilakarathne, G M H"]
[Result "0-1"]
[ECO "B40"]
[WhiteElo "2360"]
[BlackElo "2268"]
[Annotator "NA"]
[PlyCount "120"]
[EventDate "2018.10.20"]
[EventType "swiss"]
[EventCountry "GRE"]
[SourceTitle "playchess.com"]
[Source "ChessBase"]
[SourceQuality "1"]
[TimeControl "40/5400+30:1800+30"]

1. e4 c5 2. Nf3 e6 3. g3 Nc6 4. Bg2 Nf6 5. Qe2 d5 6. exd5 Nxd5 7. O-O Be7 8. Rd1 Nd4 9. Nxd4 cxd4 10. c4 Nc7 11. d3 O-O 12. Nd2 Re8 13. f4 Rb8 14. Nf3 Bf6 15. b4 $14 b5 16. c5 Bb7 17. Bd2 Nd5 18. Ne5 Qc7 19. Re1 Bxe5 20. Qxe5 Qxe5 21. Rxe5 Ne7 22. a4 Bxg2 23. Kxg2 Nc6 24. Ree1 Kf8 25. Kf3 Rb7 26. Reb1 Ke7 27. Ke2 Reb8 28. Kd1 bxa4 29. Rxa4 a5 30. Kc2 axb4 31. Kb3 Rb5 32. Rc1 Ra5 33. Rxa5 Nxa5+ 34. Ka4 Nc6 35. Rb1 Kd7 36. Bxb4 f6 37. Rb2 e5 38. Ba3 Ra8+ 39. Kb3 Ke6 40. Ka2 Kd5 41. Rb7 Ra7 42. Rxa7 Nxa7 43. fxe5 fxe5 44. Kb3 Nb5 45. Bb4 Nc7 46. Ka4 Kc6 47. Kb3 Kb5 48. Ba3 g6 49. Kc2 Ne6 50. Kd2 Ka4 51. Bc1 Nxc5 52. Kc2 Kb5 53. Bg5 Kc6 54. Be7 Kd5 55. Kd2 e4 56. dxe4+ Nxe4+ 57. Kd3 Nf2+ 58. Ke2 Ng4 59. Kf3 Nxh2+ 60. Kf4 Nf1 0-1

[Event "WYCC 2018 O16"]
[Site "Halkidiki"]
[Date "2018.10.21"]
[Round "3"]
[White "Guerra Rivera, Salvador"]
[Black "Fossan, Aleksander"]
[Result "1-0"]
[ECO "B35"]
[WhiteElo "2340"]
[BlackElo "2173"]
[Annotator "NA"]
[PlyCount "69"]
[EventDate "2018.10.20"]
[EventType "swiss"]
[EventCountry "GRE"]
[SourceTitle "playchess.com"]
[Source "ChessBase"]
[SourceQuality "1"]
[TimeControl "40/5400+30:1800+30"]

1. Nf3 c5 2. e4 g6 3. d4 cxd4 4. Nxd4 Bg7 5. Nc3 Nc6 6. Be3 Nf6 7. Bc4 O-O 8. Bb3 a5 9. O-O a4 10. Nxa4 Nxe4 11. Nb5 d5 12. Bb6 Qd7 13. Qe2 Na5 14. Nc7 Nxb3 15. axb3 Rb8 16. c4 Nf6 $16 17. Rfd1 Qd6 18. Nxd5 Nxd5 19. Rxd5 Qe6 20. Qd2 Qg4 21. h3 Qh4 22. Ba7 Ra8 23. Nb6 Be6 24. Nxa8 Bxd5 25. Qxd5 Rxa8 26. Qxb7 Rf8 27. Be3 Bxb2 28. Rd1 Qh5 29. Rd5 Qe2 30. Qxe7 Qe1+ 31. Kh2 Bc1 32. Rd8 Rxd8 33. Qxd8+ Kg7 34. Bd4+ f6 35. Qxf6+ 1-0

[Event "WYCC 2018 O16"]
[Site "Halkidiki"]
[Date "2018.10.21"]
[Round "3"]
[White "Morgunov, Daniel"]
[Black "Beukes, Dante M"]
[Result "1-0"]
[ECO "B38"]
[WhiteElo "2328"]
[BlackElo "2155"]
[Annotator "NA"]
[PlyCount "95"]
[EventDate "2018.10.20"]
[EventType "swiss"]
[EventCountry "GRE"]
[SourceTitle "playchess.com"]
[Source "ChessBase"]
[SourceQuality "1"]
[TimeControl "40/5400+30:1800+30"]

1. e4 c5 2. Nf3 Nc6 3. d4 cxd4 4. Nxd4 g6 5. c4 Bg7 6. Be3 Nf6 7. Nc3 O-O 8. Be2 d6 9. Qd2 Bd7 10. O-O Nxd4 11. Bxd4 Bc6 12. Bd3 a5 13. Rae1 {[%emt 0:00:26] B38: Sizilianisch (Maroczy-Aufbau)} a4 14. f4 e5 15. fxe5 Ng4 16. h3 $146 ({Vorgänger:} 16. Nd5 Bxd5 17. cxd5 Nxe5 18. Be2 Qh4 19. Bb5 a3 20. b3 Rac8 {0-1 (55) Kobese,W (2370)-Mamedov,R (2660) Khanty-Mansiysk 2010}) 16... Bxe5 17. Be2 Bxd4+ 18. Qxd4 Ne5 19. Rd1 Qg5 20. Qd2 Qg3 21. Qxd6 {[%emt 0:01:24] [#]} Rfd8 $11 22. Qc5 Rxd1 23. Rxd1 a3 24. Qf2 Qxf2+ 25. Kxf2 axb2 26. Ke3 Ra3 27. Kd4 Ba4 28. Rb1 Nc6+ 29. Kd3 b5 30. Kd2 b4 31. Nxa4 Rxa4 32. Rxb2 Kf8 33. Bd1 Ra5 34. Ke3 Ra3+ 35. Bb3 Ke7 36. Rd2 Na5 37. Rd3 Nxb3 38. axb3 Ra2 39. Rd2 Ra3 40. Rd3 Ra2 41. Rd2 Ra3 42. Rb2 Kd6 43. Kd4 Ra5 44. Rc2 f6 45. Rf2 f5 46. exf5 gxf5 47. Re2 f4 48. Rf2 {[%emt 0:03:08] Kd5+ Ke4+} 1-0

[Event "WYCC 2018 O16"]
[Site "Halkidiki"]
[Date "2018.10.21"]
[Round "3"]
[White "Golikov, Daniil"]
[Black "Vatsal Singhania"]
[Result "1-0"]
[ECO "D31"]
[WhiteElo "2319"]
[BlackElo "2128"]
[Annotator "NA"]
[PlyCount "85"]
[EventDate "2018.10.20"]
[EventType "swiss"]
[EventCountry "GRE"]
[SourceTitle "playchess.com"]
[Source "ChessBase"]
[SourceQuality "1"]
[TimeControl "40/5400+30:1800+30"]

1. d4 d5 2. c4 e6 3. Nc3 Be7 4. cxd5 exd5 5. Bf4 c6 6. e3 Bf5 7. g4 Be6 8. h4 Bxh4 9. Qb3 g5 10. Be5 f6 11. Bh2 Bxg4 12. Qxb7 Qe7 13. Qxe7+ Nxe7 14. Be2 h5 15. Nf3 Bxf3 16. Bxf3 g4 17. Bxb8 Rxb8 18. Be2 Nf5 $17 19. Kf1 Bg5 20. Bxg4 Ng7 21. Bd1 Rxb2 22. Bb3 Bxe3 23. fxe3 Nf5 24. Rh3 Rg8 25. Ne2 Nd6 26. Rc1 Ne4 27. Rxc6 Nd2+ 28. Ke1 Nxb3 29. Rc8+ Kf7 30. Rxg8 Kxg8 31. axb3 Rxb3 32. Kf2 a5 33. Rxh5 a4 34. Rxd5 a3 35. Ra5 Kf7 36. Kf3 Ke7 37. Ra6 f5 38. Ng3 Kd7 39. Nxf5 Kc7 40. d5 Kb7 41. Ra4 Kb6 42. Nd4 Rc3 43. d6 1-0

[Event "WYCC 2018 O16"]
[Site "Halkidiki"]
[Date "2018.10.21"]
[Round "3"]
[White "Sahidi, Samir"]
[Black "Fernandez Garcia, Gumersindo"]
[Result "1-0"]
[ECO "E91"]
[WhiteElo "2315"]
[BlackElo "2065"]
[Annotator "NA"]
[PlyCount "97"]
[EventDate "2018.10.20"]
[EventType "swiss"]
[EventCountry "GRE"]
[SourceTitle "playchess.com"]
[Source "ChessBase"]
[SourceQuality "1"]
[TimeControl "40/5400+30:1800+30"]

1. Nf3 Nf6 2. d4 g6 3. c4 Bg7 4. Nc3 O-O 5. e4 d6 6. Be2 Nbd7 7. e5 dxe5 8. dxe5 Ng4 {[%emt 0:00:43] LiveBook: 28 Games} 9. e6 {[%emt 0:00:25] E91: King's Indian: Classical: 6 Be2, unusual replies including 6...c5 and 6...Bg4} fxe6 10. h3 (10. O-O Nc5 11. h3 Bxc3 12. bxc3 Qxd1 13. Rxd1 Nf6 14. Bh6 Re8 15. Bf4 c6 16. Ne5 b6 17. Nxc6 Bb7 18. Nd4 {½-½ (34) Kristiansen,J (2423)-Jones,G (2647) Helsingor 2015}) 10... Nge5 11. Nxe5 Nxe5 12. Be3 c6 $146 ({Predecessor:} 12... Nc6 13. O-O Nd4 14. Rc1 e5 15. c5 Kh8 16. Qd2 Be6 {0-1 (64) Gurevich,D (2545)-Mestel,A (2540) Hastings 1984}) 13. Qc2 Qc7 14. Ne4 Nd7 15. O-O Nf6 16. Ng3 b6 17. Bf3 Bb7 18. Rfe1 e5 19. Bd2 Nd7 20. Be4 Nc5 $11 21. h4 Rad8 22. Rad1 Nxe4 23. Nxe4 c5 24. Be3 Qc6 25. f3 Bf6 26. Bf2 Qc8 27. a3 Rxd1 28. Rxd1 Rd8 29. Rxd8+ Qxd8 30. b4 cxb4 31. axb4 Qc7 32. c5 bxc5 33. Qc4+ Kh8 34. Qf7 Qd8 35. Nxf6 exf6 36. Qxb7 cxb4 37. Qxb4 a5 38. Qa4 f5 39. Be1 Qb6+ 40. Kh2 Qd6 41. Bc3 Qe7 42. Qf4 a4 43. Bxe5+ Kg8 44. Qd4 h6 45. Bd6 Qd7 46. Qf6 Qf7 47. Qxf7+ Kxf7 48. Kg3 Kf6 49. Bf8 1-0

[Event "WYCC 2018 O16"]
[Site "Halkidiki"]
[Date "2018.10.21"]
[Round "3"]
[White "Mis, Mieszko"]
[Black "Kim, Yunseo"]
[Result "1-0"]
[ECO "E67"]
[WhiteElo "2307"]
[BlackElo "1995"]
[Annotator "NA"]
[PlyCount "77"]
[EventDate "2018.10.20"]
[EventType "swiss"]
[EventCountry "GRE"]
[SourceTitle "playchess.com"]
[Source "ChessBase"]
[SourceQuality "1"]
[TimeControl "40/5400+30:1800+30"]

1. d4 Nf6 2. c4 g6 3. g3 Bg7 4. Bg2 O-O 5. Nc3 d6 6. Nf3 Nbd7 7. O-O e5 8. h3 c6 9. e4 exd4 10. Nxd4 Re8 11. Re1 Nc5 12. Nb3 Nxb3 13. axb3 Be6 14. Bf4 Qd7 15. Kh2 Red8 16. Qd2 Ne8 $16 17. Be3 a6 18. Na4 Qe7 19. Nb6 Rab8 20. Rad1 Qc7 21. f4 Nf6 22. Qf2 c5 23. Nd5 Nxd5 24. cxd5 Bd7 25. b4 b6 26. e5 dxe5 27. d6 Qc8 28. fxe5 Bxe5 29. Bg5 Re8 30. Bd5 Bf5 31. Be7 Bd4 32. Qf3 Be6 33. Bxe6 fxe6 34. Rf1 Rxe7 35. dxe7 Qe8 36. Rxd4 cxd4 37. Qf6 h5 38. Qxe6+ Kh7 39. Rf8 1-0